 Dungeon Crawl Stone Soup version 0.29.0 (webtiles) character file.

Game seed: 12024878992014499651

452121 Zeldest the Gnoll Aeon (level 23, -4/271 (276) HPs)
             Began as a Gnoll Summoner on Aug 24, 2022.
             Was the Champion of Cheibriados.
             Slain by a royal mummy (15 damage)
             ... on level 3 of the Tomb of the Ancients on Aug 25, 2022.
             The game lasted 03:47:14 (21399 turns).

Zeldest the Gnoll Aeon (Gnoll Summoner)            Turns: 21399, Time: 03:47:15

HP:   -4/271 (276)  AC: 31    Str: 28    XL:     23   Next: 18%
MP:   33/43         EV:  2    Int: 44    God:    Cheibriados [******]
Gold: 1361          SH: 29    Dex: 29    Spells: 6/55 levels left

rFire   . . .      SeeInvis .   a - +12 war axe "Koip" {freeze, rElec Will+ Int+4}
rCold   + . .      Faith    .   q - +1 tower shield of Vefes {+Inv rElec Str+4 Int+2}
rNeg    . . .      Spirit   .   (body armour currently unavailable)
rPois   +          Reflect  +   (helmet currently unavailable)
rElec   +          Harm     .   (cloak currently unavailable)
rCorr   .          Rampage  .   (gloves currently unavailable)
Will    ++...      Clarity  +   (boots currently unavailable)
Stlth   ++++++.... NoTele   +   V - amulet "Owaitup" {Reflect Regen+ SH+5}
HPRegen 1.35/turn               A - ring of wizardry
MPRegen 0.28/turn               J - ring of protection from cold

@: mighty, tree-form, silenced, marked, attractive, slowed, studying Long
Blades, lightly drained, very slow
A: stationary, stasis, torment immunity, boosted hp, (fangs 1), strong nose,
distributed training, clarity, mutation resistance 1
}: 5/15 runes: decaying, serpentine, slimy, silver, abyssal
a: Renounce Religion, Evoke Invisibility


You were on level 3 of the Tomb of the Ancients.
You worshipped Cheibriados.
Cheibriados was exalted by your worship.
You were a tree.
You visited 10 branches of the dungeon, and saw 47 of its levels.
You visited the Abyss 1 time.
You visited 1 bazaar.
You also visited: Ice Cave.

You collected 3992 gold pieces.
You spent 2631 gold pieces at shops.

Inventory:

Hand Weapons
 a - the +12 war axe "Koip" (weapon) {freeze, rElec Will+ Int+4}
   (You found it on level 5 of the Pits of Slime)

   It freezes those it strikes, dealing additional cold damage.
   It can also slow down cold-blooded creatures.
   Int:       It affects your intelligence (+4).
   rElec:     It insulates you from electricity.
   Will:      It increases your willpower.
 e - the +8 demon trident "Rift" {distort, reach+}
   (You took it off a necromancer on level 5 of the Vaults)

   It warps and distorts space around it, and may blink, banish, or inflict
   extra damage upon those it strikes.
   Unwielding it can cause banishment or high damage.
   It can reach especially far, and its reaching attacks ignore other creatures
   in the way.
Missiles
 v - 3 silver boomerangs
 R - 4 silver javelins
Armour
 l - a +0 troll leather armour (melded)
 q - the +1 tower shield of Vefes (worn) {+Inv rElec Str+4 Int+2}
   (You acquired it on level 5 of the Vaults)

   Str:       It affects your strength (+4).
   Int:       It affects your intelligence (+2).
   rElec:     It insulates you from electricity.
   +Inv:      It lets you turn invisible.
 s - the +1 helmet of Lies (melded) {rElec}
   (You found it on level 4 of the Dungeon)

   rElec:     It insulates you from electricity.
 y - the +0 pair of boots "Enoom" (melded) {rElec rC+ Int+3}
   (You found it on level 5 of the Vaults)

   Int:       It affects your intelligence (+3).
   rC:        It protects you from cold.
   rElec:     It insulates you from electricity.
 E - a +2 pair of boots
 M - the +2 pair of gloves of Nedwot (melded) {rPois rCorr}
   (You found it on level 4 of the Vaults)

   rPois:     It protects you from poison.
   rCorr:     It protects you from acid and corrosion.
 T - the +0 cloak of Ramiyh Pess (melded) {+Inv Will++ Int-4}
   (You found it on level 3 of the Crypt)

   Int:       It affects your intelligence (-4).
   +Inv:      It lets you turn invisible.
   Will:      It greatly increases your willpower.
Magical Staves
 b - a staff of fire
 w - a staff of death
Jewellery
 d - a ring of see invisible
 j - a ring of fire
 A - a ring of wizardry (left branch)
 J - a ring of protection from cold (right branch)
 O - a ring of flight
 V - the amulet "Owaitup" (around neck) {Reflect Regen+ SH+5}
   (You found it on level 3 of the Lair of Beasts)

   [amulet of reflection]

   It reflects blocked missile attacks.
   Regen:     It increases your rate of health regeneration.
   SH:        It affects your SH (+5).
Wands
 c - a wand of paralysis (14)
 H - a wand of mindburst (29)
 Z - a wand of digging (6)
Scrolls
 g - 2 scrolls of teleportation
 i - 7 scrolls of noise
 m - 10 scrolls of immolation
 o - 5 scrolls of poison
 p - 4 scrolls of magic mapping
 u - a scroll of amnesia
 F - 7 scrolls of vulnerability
 K - 6 scrolls of fear
 P - 3 scrolls of fog
 Q - 2 scrolls of identify
Potions
 f - 4 potions of might
 k - 2 potions of lignification
 n - 3 potions of invisibility
 r - a potion of mutation
 x - 3 potions of berserk rage
 z - a potion of cancellation
 B - 6 potions of brilliance
 C - 2 potions of magic
 D - 6 potions of attraction
 N - 6 potions of curing
 Y - 3 potions of ambrosia
Miscellaneous
 t - a box of beasts
 S - a phantom mirror
 W - a tin of tremorstones (2/2)
 X - a condenser vane


   Skills:
 + Level 16.0 Fighting
 + Level 16.0 Short Blades
 + Level 16.6 Long Blades
 + Level 16.0 Axes
 + Level 16.0 Maces & Flails
 + Level 16.0 Polearms
 + Level 16.0 Staves
 + Level 16.0 Ranged Weapons
 + Level 16.0 Throwing
 + Level 16.0 Armour
 + Level 16.6 Dodging
 + Level 16.5 Stealth
 + Level 16.0 Shields
 + Level 16.0 Unarmed Combat
 + Level 16.7 Spellcasting
 + Level 13.6 Conjurations
 + Level 13.6 Hexes
 + Level 15.2 Summonings
 + Level 13.6 Necromancy
 + Level 13.6 Translocations
 + Level 13.6 Transmutations
 + Level 13.6 Fire Magic
 + Level 13.6 Ice Magic
 + Level 13.6 Air Magic
 + Level 13.6 Earth Magic
 + Level 13.6 Poison Magic
 + Level 17.4 Invocations
 + Level 16.0 Evocations


You had 6 spell levels left.
You knew the following spells:

 Your Spells              Type           Power      Damage    Failure   Level
a - Statue Form           Tmut/Erth      68%        N/A       1%          6
b - Borgnjor's Vile Clut  Necr/Erth      51%        N/A       1%          5
c - Infestation           Necr           51%        N/A       21%         8
d - Necromutation         Tmut/Necr      51%        N/A       21%         8
e - Passage of Golubria   Tloc           100%       N/A       1%          4
f - Haunt                 Necr/Summ      52%        N/A       1%          7
g - Silence               Hex/Air        51%        N/A       1%          5
h - Irradiate             Conj/Tmut      51%        3d28      1%          5
i - Apportation           Tloc           100%       N/A       0%          1

Your spell library contained the following spells:

 Spells                   Type           Power      Damage    Failure   Level
 Foxfire                  Conj/Fire      100%       2x1d9     0%          1
 Necrotise                Necr           100%       1d9       0%          1
 Summon Small Mammal      Summ           100%       N/A       0%          1
 Blink                    Tloc           100%       N/A       0%          2
 Call Imp                 Summ           100%       N/A       0%          2
 Ensorcelled Hibernation  Hex/Ice        100%       N/A       0%          2
 Static Discharge         Conj/Air       100%       3-16/arc  0%          2
 Sublimation of Blood     Necr           100%       N/A       0%          2
 Call Canine Familiar     Summ           100%       N/A       0%          3
 Confusing Touch          Hex            100%       N/A       0%          3
 Dazzling Flash           Conj/Hex       100%       N/A       0%          3
 Frozen Ramparts          Ice            100%       1d16      0%          3
 Gell's Gravitas          Tloc           100%       N/A       0%          3
 Portal Projectile        Hex/Tloc       100%       N/A       0%          3
 Spider Form              Tmut/Pois      100%       N/A       0%          3
 Stone Arrow              Conj/Erth      100%       3d13      0%          3
 Summon Guardian Golem    Hex/Summ       100%       N/A       0%          3
 Teleport Other           Tloc           100%       N/A       0%          3
 Anguish                  Hex/Necr       51%        N/A       1%          4
 Animate Armour           Summ/Erth      100%       N/A       1%          4
 Animate Dead             Necr           100%       N/A       1%          4
 Corpse Rot               Necr/Pois/Air  100%       N/A       1%          4
 Flame Wave               Conj/Fire      100%       2d21      1%          4
 Ice Form                 Ice/Tmut       100%       N/A       1%          4
 Iskenderun's Mystic Bla  Conj/Tloc      100%       2d19      1%          4
 Petrify                  Tmut/Erth      100%       N/A       1%          4
 Sticky Flame             Conj/Fire      100%       2d11      1%          4
 Summon Ice Beast         Ice/Summ       100%       N/A       1%          4
 Summon Lightning Spire   Summ/Air       100%       N/A       1%          4
 Alistair's Intoxication  Tmut/Pois      68%        N/A       1%          5
 Fireball                 Conj/Fire      51%        3d20      1%          5
 Freezing Cloud           Conj/Ice/Air   51%        6-21      1%          5
 Lightning Bolt           Conj/Air       51%        1d72      1%          5
 Manifold Assault         Tloc           100%       N/A       1%          5
 Metabolic Englaciation   Hex/Ice        51%        N/A       1%          5
 Summon Forest            Summ/Tloc      52%        N/A       1%          5
 Summon Mana Viper        Hex/Summ       100%       N/A       1%          5
 Yara's Violent Unravell  Hex/Tmut       51%        3d20      1%          5
 Dispersal                Tloc           51%        N/A       1%          6
 Eringya's Noxious Bog    Tmut/Pois      51%        N/A       1%          6
 Simulacrum               Ice/Necr       51%        N/A       1%          6
 Starburst                Conj/Fire      51%        6d14      1%          6
 Summon Cactus Giant      Summ           53%        N/A       1%          6
 Monstrous Menagerie      Summ           53%        N/A       1%          7
 Enfeeble                 Hex            51%        N/A       2%          7
 Storm Form               Tmut/Air       51%        N/A       2%          7
 Disjunction              Tloc           51%        N/A       21%         8
 Ignition                 Fire           51%        3d14      21%         8
 Lehudib's Crystal Spear  Conj/Erth      51%        10d12     21%         8
 Maxwell's Capacitive Co  Air            51%        ∞         21%         8
 Chain Lightning          Conj/Air       51%        3d68      95%         9
 Fire Storm               Conj/Fire      51%        8d13      95%         9
 Polar Vortex             Ice            51%        N/A       95%         9
 Shatter                  Erth           51%        3d39*     95%         9


Dungeon Overview and Level Annotations

Branches:
Dungeon (15/15)            Temple (1/1) D:5            Lair (5/5) D:10
  Swamp (4/4) Lair:3        Snake (4/4) Lair:2        Slime (5/5) Lair:5
    Orc (2/2) D:10            Elf (0/3) Orc:2        Vaults (5/5) D:14
  Crypt (3/3) Vaults:3       Tomb (3/3) Crypt:3       IceCv (visited)
 Depths: D:15

Altars:
Ashenzari
Cheibriados
Elyvilon
Gozag
Hepliaklqana
Makhleb
Okawaru
Qazlal
Ru
Sif Muna
Trog
Uskayaw
Vehumet
Wu Jian
Xom
Yredelemnul
Zin
The Shining One

Shops:
D:9 !*?((   D:11 :   Orc:2 (:[*

Annotations:
Vaults:1 Nornya's ghost, veteran MfSu; Switch's ghost, veteran DDFi; christhawk's ghost, adept MiHu; howech's ghost, veteran MiGl; rgbqcd's ghost, veteran MiBe


Innate Abilities, Weirdness & Mutations

You are a tree.
Your roots penetrate the ground, keeping you stationary.
You cannot be teleported.
You are immune to unholy pain and torment.
Your maximum health is greatly increased.
Your equipment is partially melded.
((You have very sharp teeth.))
Your uncanny sense of smell can sniff out nearby items.
Your experience applies equally to all skills.
You possess an exceptional clarity of mind.
You are somewhat resistant to further mutation.


Message History

The naga warrior skeleton hits you. The naga warrior skeleton grabs you.
The naga warrior skeleton constricts you.
The royal mummy hits you but does no damage.
The bennu pecks you but does no damage.
The bennu claws you but does no damage. x2
You slice the royal mummy!! You freeze the royal mummy.
The royal mummy is moderately damaged.
You completely miss the naga warrior skeleton.
You slash the death scarab! You freeze the death scarab.
You slash the royal mummy! You freeze the royal mummy. You slice the bennu!!
You freeze the bennu! You hit the mummy priest.
You block the death scarab's attack. x2; The bennu pecks you!
You block the bennu's attack. The bennu claws you.
The death scarab bites you but does no damage.
You block the mummy priest's attack.
The royal mummy hits you but does no damage.
The royal mummy hits you!
* * * LOW HITPOINT WARNING * * *
The naga warrior skeleton loses its grip on you.
The bennu pecks you but does no damage.
The bennu claws you but does no damage. x2
You block the death scarab's attack. The ushabti is attracted toward you.
Magic courses through your body. You block the death scarab's attack.
The death scarab bites you but does no damage.
You block the bennu's attack. The bennu claws you.
* * * LOW HITPOINT WARNING * * *
The bennu claws you.
* * * LOW HITPOINT WARNING * * *
The death scarab fails to trigger a net trap.
You block the royal mummy's attack. The royal mummy hits you!!
* * * LOW HITPOINT WARNING * * *
The mummy priest hits you!
* * * LOW HITPOINT WARNING * * *
The bennu pecks you!
* * * LOW HITPOINT WARNING * * *
You block the bennu's attack. The bennu claws you but does no damage.
The death scarab bites you!
* * * LOW HITPOINT WARNING * * *
The death scarab draws strength from your injuries!
A mummy comes into view.
The royal mummy hits you!
You die...

,,,^,*,,,,,,**,,,,,,,*
,,,,,*,,,,,^,*#§.^M..#
,,,,,*,,,M,,,*#......#
,,,,,**,,..,,*#......#
,,,,,**,,..^,*#......#
,,,^,**,,..MB##9.....#
,,,,,***,......MMB..#*
,,,,** *,...^.BMBbB.#
,,,,* **....B.M♣MM#*
,,,,* *##....ZM###
***** ########


You could see 3 royal mummies, a bennu, 2 mummy priests, 2 guardian mummies, an
ushabti, 6 death scarabs, 3 mummies and a naga warrior skeleton.

Vanquished Creatures
  A dread lich (Vaults:5)
  An ancient lich (Vaults:5)
  Frederick (Vaults:3)
  Bai Suzhen (Vaults:3)
  Xtahua (Vaults:2)
  Saint Roka (Orc:2)
  3 liches
  A shard shrike skeleton (Crypt:3)
  The ghost of Kare Xaoge the Bludgeoner, an adept DgTm (Vaults:1)
  The ghost of Wueresid the Spry, an adept DEHW of Sif Muna (Vaults:1)
  11 acid blobs
  2 ancient champions
  An Executioner (Abyss:3)
  A tentacled starspawn (Abyss:3)
  7 sphinxes
  3 thorn hunters
  3 shadow dragons (Vaults:5)
  3 rockslimes
  4 tengu reavers
  Donald (Swamp:2)
  11 azure jellies
  3 nagarajas (Snake:4)
  2 frost giants (Vaults:5)
  12 vault wardens
  3 cacodemons (Abyss:3)
  2 curse skulls
  3 ghouls (Crypt:2)
  15 ironbound preservers
  10 quicksilver oozes
  6 very ugly things
  3 war gargoyles
  A caustic shrike skeleton (Crypt:3)
  6 stone giants
  2 deep elf demonologists (Vaults:5)
  A reaper (Crypt:2)
  A stone giant (shapeshifter) (Vaults:5)
  A bennu (Tomb:1)
  An eleionoma (Swamp:4)
  A vampire knight (Vaults:3)
  7 ironbound thunderhulks
  2 deep elf annihilators (Vaults:5)
  6 dire elephants
  2 entropy weavers (Vaults:1)
  A bunyip (shapeshifter) (Vaults:4)
  4 mummy priests
  6 jiangshi
  13 great orbs of eyes
  18 yaktaur captains
  2 ettins (Vaults:5)
  2 deep elf high priests (Vaults:5)
  3 shambling mangroves (Swamp:4)
  14 hydras
  5 salamander tyrants (Snake:4)
  An ice dragon (Lair:5)
  23 vault guards
  A boulder beetle (Vaults:2)
  A ghost crab (Swamp:4)
  8 anacondas (Snake:4)
  10 centaur warriors
  6 alligators
  A peacekeeper (Vaults:4)
  2 ogre magi
  10 ironbound frosthearts
  5 two-headed ogres
  A death knight (Crypt:2)
  The ghost of DemonSlayer the Arsonist, a journeyman DsFE of Cheibriados (Orc:2)
  A two-headed ogre (shapeshifter) (Vaults:4)
  10 naga warriors (Snake:4)
  3 vampire magi
  A bennu skeleton (Crypt:1)
  A shock serpent (shapeshifter) (Vaults:5)
  9 naga sharpshooters
  3 shock serpents
  Sonja (Lair:4)
  11 hell knights
  An orc high priest (Orc:2)
  A soul eater (Crypt:1)
  5 salamander mystics
  24 skeletal warriors
  A storm dragon skeleton (Crypt:3)
  A wretched star (Abyss:3)
  38 deep trolls
  2 shadow wraiths
  A bunyip zombie (Crypt:2)
  2 spriggan druids (Swamp:2)
  4 naga ritualists (Snake:4)
  12 lindwurms
  A flayed ghost (Crypt:2)
  15 bog bodies
  4 swamp dragons
  4 glowing orange brains
  15 ironbound convokers
  3 orc knights
  6 wizards
  5 phantasmal warriors
  25 large abominations (Abyss:3)
  A wolf spider (D:13)
  3 necromancers
  5 shining eyes
  11 mana vipers
  An orc sorcerer (Orc:2)
  A deep elf pyromancer (D:13)
  13 ugly things
  2 will-o-the-wisps
  A manticore (D:12)
  15 salamanders
  A water nymph (shapeshifter) (Vaults:5)
  19 black mambas
  6 smoke demons
  11 guardian serpents (Snake:4)
  16 vault sentinels
  An apocalypse crab (Abyss:3)
  9 naga magi (Snake:4)
  A torpor snail (Lair:5)
  2 orange demons (Abyss:3)
  Psyche (D:8)
  An alligator snapping turtle zombie (Crypt:2)
  2 rime drakes
  6 gargoyles
  A kobold demonologist (D:12)
  A dire elephant skeleton (Crypt:3)
  19 yaktaurs
  2 efreet
  A demonic crawler (Abyss:3)
  4 freezing wraiths
  7 guardian mummies
  A komodo dragon (D:12)
  A red devil (Crypt:3)
  A harpy zombie (Crypt:2)
  A polar bear (shapeshifter) (D:12)
  3 trolls
  2 yellow draconian skeletons (Crypt:2)
  Prince Ribbit (D:5)
  6 tyrant leeches
  A slime creature (shapeshifter) (Vaults:5)
  A nameless horror (D:10)
  2 blink frogs (Lair:5)
  11 hornets
  65 slime creatures
  3 raiju (Abyss:3)
  3 harpy skeletons
  11 flying skulls
  2 fire dragon skeletons
  5 vampires
  A wraith (Crypt:3)
  2 shadows
  A ynoxinul (Abyss:3)
  3 wyverns (D:8)
  8 golden eyes
  7 yaks
  A hog (shapeshifter) (D:14)
  A neqoxec (Abyss:3)
  9 vampire mosquitoes
  A steam dragon (D:8)
  4 wargs (Orc:2)
  11 swamp worms
  A deep troll zombie (Crypt:1)
  19 nagas
  4 water moccasins
  An acid dragon (D:10)
  2 floating eyes
  A floating eye (shapeshifter) (Abyss:3)
  A water nymph skeleton (Crypt:2)
  An ice beast (D:5)
  3 orc warriors (Orc:2)
  8 swamp drakes
  A black bear (shapeshifter) (Vaults:5)
  An ogre (Vaults:3)
  2 wolves
  20 starcursed masses (Abyss:3)
  A swamp dragon skeleton (Crypt:3)
  3 boggarts (Vaults:4)
  2 phantoms
  7 centaurs
  3 kobold brigands
  A salamander zombie (Crypt:2)
  A wight (D:8)
  17 small abominations (Abyss:3)
  A killer bee (shapeshifter) (Vaults:1)
  5 killer bees
  2 howler monkeys (D:9)
  A hound (D:7)
  3 orc priests
  2 gnoll boudas (D:6)
  2 iguanas
  Ijyb (D:3)
  8 orc wizards
  29 mummies
  5 gnolls
  A swamp drake zombie (Crypt:2)
  2 adders
  A shadow imp (Abyss:3)
  8 orcs
  4 ball pythons (D:3)
  An endoplasm (Lair:5)
  2 kobolds (D:10)
  A bat (D:2)
  A frilled lizard (D:3)
  A rat (D:2)
  4 briar patches (Swamp:2)
  2 starspawn tentacles (Abyss:3)
1017 creatures vanquished.

Vanquished Creatures (collateral kills)
  the Royal Jelly (Slime:5)
  2 royal mummies (Tomb:1)
  A golden dragon (Vaults:5)
  A bone dragon (Crypt:3)
  A shard shrike zombie (Crypt:2)
  Jorgrun (Orc:1)
  A titan (Vaults:4)
  A lich (Tomb:1)
  An ancient champion (Tomb:1)
  Frances (Swamp:1)
  4 sphinxes (Tomb:1)
  A thorn hunter (Swamp:4)
  A shadow dragon (Vaults:5)
  2 storm dragons (Vaults:5)
  Roxanne (Snake:4)
  Kirke (Lair:5)
  A frost giant (Vaults:4)
  A vault warden (Vaults:2)
  Aizul (Vaults:4)
  A very ugly thing (Vaults:5)
  4 ironbound preservers
  A ghoul (Crypt:2)
  2 stone giants (Vaults:5)
  A bennu (Tomb:1)
  A deep elf annihilator (Vaults:5)
  2 deep elf death magi
  An eidolon (Crypt:2)
  2 mummy priests (Tomb:1)
  2 deep elf high priests
  A yaktaur captain (Vaults:5)
  2 jiangshi (Crypt:2)
  A boulder beetle (D:12)
  7 vault guards (Vaults:5)
  A spriggan zombie (Crypt:3)
  A centaur warrior (D:14)
  A catoblepas (D:13)
  A fenstrider witch skeleton (Crypt:2)
  An ironbound frostheart (Vaults:2)
  7 hydras
  A death knight (Crypt:2)
  A naga warrior (Snake:4)
  4 death yaks (Lair:4)
  7 alligators
  A dancing weapon (Vaults:5)
  A vampire mage (Crypt:2)
  A deep troll earth mage (Vaults:5)
  A wretched star (Abyss:3)
  A soul eater (Crypt:2)
  A hell knight (Crypt:3)
  7 skeletal warriors
  A shadow wraith (Crypt:2)
  4 ironbound convokers
  A deep troll (Vaults:5)
  A swamp dragon (Swamp:1)
  A spriggan druid (Swamp:2)
  A necromancer (Vaults:5)
  2 phantasmal warriors (Crypt:2)
  An orc knight (Orc:2)
  A deep elf pyromancer (D:14)
  2 lindwurms (Lair:5)
  A mana viper (Snake:4)
  2 orc sorcerers (Orc:2)
  An ugly thing (Vaults:1)
  A salamander (Snake:4)
  2 manticores (D:11)
  An apocalypse crab (Abyss:3)
  A will-o-the-wisp (Swamp:2)
  2 stone giant skeletons (Crypt:3)
  6 elephants (Lair:5)
  3 cyclopes
  3 vault sentinels
  4 black mambas
  2 ice statues (IceCv)
  A gargoyle (D:13)
  4 cane toads
  4 torpor snails (Lair:5)
  A rime drake (Lair:4)
  2 freezing wraiths
  2 yaktaurs
  3 unseen horrors
  5 guardian mummies
  A meliai (D:14)
  A harpy zombie (Crypt:3)
  5 hornets (Lair:5)
  2 trolls (D:12)
  A tyrant leech (Swamp:1)
  A polar bear (Lair:3)
  6 blink frogs
  A yellow draconian skeleton (Crypt:2)
  A slime creature (Vaults:2)
  4 dream sheep (Lair:4)
  Sigmund (D:2)
  2 shadows (D:12)
  A spriggan (Swamp:4)
  2 ushabtiu
  3 vampires
  4 wraiths
  A wyvern (D:8)
  8 yaks
  Grum (D:9)
  A basilisk (Lair:5)
  6 vampire mosquitoes
  3 wargs (Orc:2)
  4 nagas
  Menkaure (D:5)
  2 swamp worms
  2 acid dragons
  4 water moccasins
  A nameless horror (D:14)
  10 orc warriors (Orc:2)
  5 black bears
  8 ogres
  3 boggarts (Vaults:3)
  14 wolves
  2 centaurs
  2 kobold brigands
  A phantom (D:5)
  6 bullfrogs
  A gnoll sergeant (D:10)
  A necrophage (Crypt:2)
  A scorpion (D:5)
  A cane toad simulacrum (IceCv)
  2 wights (D:8)
  4 killer bees
  2 howler monkeys
  2 lava snakes (Lair:5)
  A hound (D:4)
  16 orc priests
  A gnoll bouda (D:9)
  3 jellies
  An iguana (D:4)
  12 orc wizards
  A polar bear simulacrum (IceCv)
  Terence (D:2)
  A wolf simulacrum (IceCv)
  9 mummies
  4 adders
  11 gnolls
  2 shadow imps
  An ufetubus (D:6)
  A worm (D:2)
  35 orcs
  7 ball pythons
  10 endoplasms
  2 giant cockroaches
  5 goblins
  4 hobgoblins
  3 jackals (D:2)
  6 quokkas
  5 bats
  9 kobolds
  7 rats
449 creatures vanquished.

Vanquished Creatures (others)
  A fenstrider witch (Swamp:4)
  Lodul (D:13)
  A deep troll (Vaults:3)
  2 wizards
  A salamander (Snake:4)
  A hornet (Swamp:4)
  A bloated husk (Swamp:3)
  A tyrant leech (Lair:5)
  3 humans (Lair:5)
  A naga (Snake:4)
  6 foxfires (Swamp:2)
  16 fungi
  33 plants
  6 snaplasher vines
  A starspawn tentacle (Abyss:3)
  24 withered plants (Crypt:3)
99 creatures vanquished.

Grand Total: 1565 creatures vanquished

Notes
Turn   | Place    | Note
-------+----------+-------------------------------------------
     0 | D:1      | Zeldest the Gnoll Summoner began the quest for the Orb.
     0 | D:1      | Reached XP level 1. HP: 13/13 MP: 6/6
   139 | D:1      | Found a faded altar of an unknown god.
   218 | D:1      | Reached XP level 2. HP: 10/19 MP: 7/7
   373 | D:2      | Learned a level 2 spell: Call Imp
   450 | D:2      | Reached skill level 5 in Spellcasting
   450 | D:2      | Reached XP level 3. HP: 14/25 MP: 9/9
   472 | D:2      | Reached skill level 1 in Invocations
   538 | D:2      | Reached skill level 1 in Fighting
   538 | D:2      | Reached skill level 1 in Short Blades
   538 | D:2      | Reached skill level 1 in Long Blades
   538 | D:2      | Reached skill level 1 in Axes
   538 | D:2      | Reached skill level 1 in Maces & Flails
   538 | D:2      | Reached skill level 1 in Polearms
   538 | D:2      | Reached skill level 1 in Staves
   538 | D:2      | Reached skill level 1 in Ranged Weapons
   538 | D:2      | Reached skill level 1 in Throwing
   538 | D:2      | Reached skill level 1 in Armour
   538 | D:2      | Reached skill level 1 in Shields
   538 | D:2      | Reached skill level 1 in Unarmed Combat
   538 | D:2      | Reached skill level 1 in Evocations
   543 | D:2      | Learned a level 3 spell: Call Canine Familiar
   621 | D:2      | Noticed Terence
   654 | D:2      | Killed Terence
   655 | D:2      | Reached XP level 4. HP: 13/32 MP: 11/11
   760 | D:2      | Noticed Sigmund
   802 | D:2      | Killed Sigmund
   803 | D:2      | Reached skill level 1 in Conjurations
   803 | D:2      | Reached skill level 1 in Hexes
   803 | D:2      | Reached skill level 1 in Necromancy
   803 | D:2      | Reached skill level 1 in Translocations
   803 | D:2      | Reached skill level 1 in Transmutations
   803 | D:2      | Reached skill level 1 in Fire Magic
   803 | D:2      | Reached skill level 1 in Ice Magic
   803 | D:2      | Reached skill level 1 in Air Magic
   803 | D:2      | Reached skill level 1 in Earth Magic
   803 | D:2      | Reached skill level 1 in Poison Magic
   803 | D:2      | Reached skill level 2 in Invocations
   803 | D:2      | Reached XP level 5. HP: 30/38 MP: 11/12
   803 | D:2      | Reached XP level 6. HP: 34/44 MP: 11/13
  1040 | D:3      | Noticed Ijyb
  1044 | D:3      | HP: 1/44 [Ijyb/iceblast (10)]
  1051 | D:3      | Killed Ijyb
  1052 | D:3      | Reached skill level 5 in Dodging
  1549 | D:4      | Learned a level 4 spell: Summon Lightning Spire
  1618 | D:4      | Reached XP level 7. HP: 36/50 MP: 15/15
  1649 | D:4      | Found a white marble altar of Elyvilon.
  1657 | D:4      | Identified the +1 helmet of Lies {rElec}
  1713 | D:4      | Found an ornate altar of the Wu Jian Council.
  1813 | D:4      | Reached skill level 5 in Stealth
  1834 | D:4      | Identified the +10 short sword "Puloro" {freeze, +Blink
                  | Str+4}
  1951 | D:4      | Reached skill level 3 in Invocations
  1952 | D:4      | Noticed a nameless horror
  1998 | D:5      | Entered Level 5 of the Dungeon
  2010 | D:5      | Noticed Menkaure
  2018 | D:5      | Killed Menkaure
  2074 | D:5      | Reached XP level 8. HP: 32/58 MP: 15/16
  2089 | D:5      | Found a staircase to the Ecumenical Temple.
  2095 | Temple   | Entered the Ecumenical Temple
  2119 | Temple   | Became a worshipper of Cheibriados the Contemplative
  2212 | D:5      | Noticed Prince Ribbit
  2216 | D:5      | Killed Prince Ribbit
  2217 | D:5      | Reached skill level 4 in Invocations
  2368 | D:5      | Found a sacrificial altar of Ru.
  2416 | D:6      | Reached * piety under Cheibriados
  2448 | D:6      | Reached XP level 9. HP: 59/65 MP: 18/18
  2824 | D:7      | Reached ** piety under Cheibriados
  3047 | D:8      | Reached skill level 5 in Invocations
  3173 | D:8      | Learned a level 5 spell: Silence
  3178 | D:8      | Learned a level 4 spell: Passage of Golubria
  3260 | D:8      | Noticed Psyche
  3263 | D:8      | Killed Psyche
  3264 | D:8      | Reached skill level 5 in Fighting
  3264 | D:8      | Reached skill level 5 in Short Blades
  3264 | D:8      | Reached skill level 5 in Long Blades
  3264 | D:8      | Reached skill level 5 in Axes
  3264 | D:8      | Reached skill level 5 in Maces & Flails
  3264 | D:8      | Reached skill level 5 in Polearms
  3264 | D:8      | Reached skill level 5 in Staves
  3264 | D:8      | Reached skill level 5 in Ranged Weapons
  3264 | D:8      | Reached skill level 5 in Throwing
  3264 | D:8      | Reached skill level 5 in Armour
  3264 | D:8      | Reached skill level 5 in Shields
  3264 | D:8      | Reached skill level 5 in Unarmed Combat
  3264 | D:8      | Reached skill level 5 in Evocations
  3264 | D:8      | Reached XP level 10. HP: 74/74 MP: 20/20
  3387 | D:8      | Reached *** piety under Cheibriados
  3580 | D:9      | Found Atou's Assorted Antiques.
  3585 | D:9      | Found Jusases's Magic Scroll Emporium.
  3588 | D:9      | Bought a dented malachite amulet for 95 gold pieces
  3588 | D:9      | Bought a wooden wand for 76 gold pieces
  3588 | D:9      | Bought a scroll labelled COERERACIH for 19 gold pieces
  3588 | D:9      | Bought a scroll labelled LIGUMURR POIFIBRE for 19 gold
                  | pieces
  3588 | D:9      | Bought a scroll labelled SOXYOS BUATEDIL for 19 gold pieces
  3588 | D:9      | Bought a scroll labelled PAMAOXKECYAPH for 19 gold pieces
  3625 | D:9      | Reached skill level 6 in Invocations
  3812 | D:9      | Found Coudamae's Weapon Emporium.
  3819 | D:9      | Found Pawned's Antique Weapon Boutique.
  3857 | D:9      | Found Kotiop's Distillery.
  3882 | D:9      | Noticed Grum
  3890 | D:9      | Killed Grum
  3995 | D:9      | Found a burning altar of Makhleb.
  4036 | D:9      | Reached **** piety under Cheibriados
  4040 | D:10     | Entered Level 10 of the Dungeon
  4158 | D:10     | Reached skill level 5 in Conjurations
  4158 | D:10     | Reached skill level 5 in Hexes
  4158 | D:10     | Reached skill level 5 in Necromancy
  4158 | D:10     | Reached skill level 5 in Translocations
  4158 | D:10     | Reached skill level 5 in Transmutations
  4158 | D:10     | Reached skill level 5 in Fire Magic
  4158 | D:10     | Reached skill level 5 in Ice Magic
  4158 | D:10     | Reached skill level 5 in Air Magic
  4158 | D:10     | Reached skill level 5 in Earth Magic
  4158 | D:10     | Reached skill level 5 in Poison Magic
  4158 | D:10     | Reached XP level 11. HP: 81/81 MP: 22/22
  4352 | D:10     | Found a bloodstained altar of Trog.
  4609 | D:11     | Found Faagoreh's Book Emporium.
  4853 | D:11     | Noticed a manticore
  4867 | D:11     | Killed a manticore
  4915 | D:11     | Identified the +5 whip "Reyts" {pain, rC+ Str+3}
  4918 | D:11     | Noticed a manticore
  4942 | D:11     | Killed a manticore
  4943 | D:11     | Reached skill level 7 in Invocations
  5178 | D:12     | Reached ***** piety under Cheibriados
  5180 | D:12     | Noticed a five-headed hydra
  5191 | D:12     | Killed a five-headed hydra
  5269 | D:12     | Noticed a two-headed ogre
  5277 | D:12     | Killed a two-headed ogre
  5329 | D:12     | Noticed a boulder beetle
  5343 | D:12     | Killed a boulder beetle
  5408 | D:12     | Noticed a sixfirhy
  5418 | D:12     | Noticed a manticore
  5424 | D:12     | Noticed a two-headed ogre
  5430 | D:12     | Killed a manticore
  5431 | D:12     | Reached XP level 12. HP: 78/91 MP: 21/24
  5431 | D:12     | Killed a two-headed ogre
  5446 | D:12     | Reached skill level 8 in Invocations
  5458 | D:12     | Learned a level 5 spell: Summon Forest
  5486 | D:12     | Identified the +2 shortbow of Acoan {flame, Fly Stlth+}
  5793 | D:13     | Learned a level 6 spell: Summon Cactus Giant
  5822 | D:13     | Noticed an eight-headed hydra
  5830 | D:13     | Killed an eight-headed hydra
  5918 | D:13     | Noticed Lodul
  5922 | D:13     | Killed Lodul
  5925 | D:13     | Noticed a catoblepas
  5935 | D:13     | Killed a catoblepas
  6149 | D:14     | Noticed a centaur warrior
  6158 | D:14     | Killed a centaur warrior
  6166 | D:14     | Found a gate to the Vaults.
  6166 | D:14     | Noticed a centaur warrior
  6185 | D:14     | Killed a centaur warrior
  6324 | D:14     | Reached XP level 13. HP: 94/98 MP: 26/26
  6358 | D:15     | Entered Level 15 of the Dungeon
  6444 | D:14     | Reached skill level 9 in Invocations
  6709 | D:10     | Found a staircase to the Orcish Mines.
  6714 | Orc:1    | Entered Level 1 of the Orcish Mines
  6927 | D:10     | Found a staircase to the Lair.
  7090 | D:10     | Found a faded altar of an unknown god.
  7091 | D:10     | Found a hazy altar of Hepliaklqana.
  7194 | D:9      | Bought a scroll of blinking for 90 gold pieces
  7194 | D:9      | Bought a scroll of amnesia for 48 gold pieces
  7194 | D:9      | Bought a scroll of acquirement for 624 gold pieces
  7201 | D:9      | Learned a level 5 spell: Summon Mana Viper
  7284 | Lair:1   | Entered Level 1 of the Lair of Beasts
  7300 | Lair:1   | Reached ****** piety under Cheibriados
  7301 | Lair:1   | Reached skill level 10 in Summonings
  7323 | Lair:2   | Found a staircase to the Snake Pit.
  7515 | Lair:3   | Reached skill level 10 in Spellcasting
  7556 | Lair:3   | Identified the amulet "Owaitup" {Reflect Regen+ SH+5}
  7752 | Lair:4   | Acquired an Inescapable Atlas
  7814 | Lair:4   | Reached skill level 10 in Dodging
  7834 | Lair:4   | Noticed Sonja
  7843 | Lair:4   | Killed Sonja
  7926 | Lair:4   | Found a frozen archway.
  7936 | IceCv    | Entered an ice cave
  7947 | IceCv    | Reached skill level 10 in Stealth
  7949 | IceCv    | Found a transporter.
  7965 | IceCv    | Found a transporter.
  8010 | Lair:5   | Entered Level 5 of the Lair of Beasts
  8117 | Lair:5   | Reached skill level 10 in Invocations
  8117 | Lair:5   | Reached XP level 14. HP: 101/108 MP: 15/28
  8194 | Lair:5   | Found a staircase to the Slime Pits.
  8226 | Lair:5   | Identified the +1 robe of the Tick {rC- rCorr Int-2 Dex+8}
  8467 | Lair:5   | Found a runed translucent door.
  8479 | Lair:5   | Noticed Kirke
  8499 | Lair:5   | Killed Kirke
  8942 | Lair:3   | Found a staircase to the Swamp.
  9046 | Orc:2    | Entered Level 2 of the Orcish Mines
  9156 | Orc:2    | Found a shimmering altar of Xom.
  9200 | Orc:1    | Noticed Jorgrun
  9207 | Orc:1    | Killed Jorgrun
  9439 | Orc:2    | Found a runed translucent door.
  9440 | Orc:2    | Noticed DemonSlayer's ghost (journeyman DsFE)
  9444 | Orc:2    | Noticed Saint Roka
  9513 | Orc:2    | Found a staircase to the Elven Halls.
  9540 | Orc:2    | Killed Saint Roka
  9616 | Orc:2    | Found Acibech's General Store.
  9634 | Orc:2    | Found Dikhoimi's Book Emporium.
  9651 | Orc:2    | Found Zoulicyg's Antique Weapon Emporium.
  9666 | Orc:2    | Found Veus's Antique Armour Emporium.
  9674 | Orc:2    | Bought a warped ring mail for 234 gold pieces
  9674 | Orc:2    | Identified the +0 ring mail of the Meadowlark {rElec} (You
                  | bought it in a shop on level 2 of the Orcish Mines)
  9690 | Orc:2    | Learned a level 7 spell: Storm Form
  9708 | Orc:2    | Killed DemonSlayer's ghost
  9709 | Orc:2    | Reached skill level 10 in Fighting
  9709 | Orc:2    | Reached skill level 10 in Short Blades
  9709 | Orc:2    | Reached skill level 10 in Long Blades
  9709 | Orc:2    | Reached skill level 10 in Axes
  9709 | Orc:2    | Reached skill level 10 in Maces & Flails
  9709 | Orc:2    | Reached skill level 10 in Polearms
  9709 | Orc:2    | Reached skill level 10 in Staves
  9709 | Orc:2    | Reached skill level 10 in Ranged Weapons
  9709 | Orc:2    | Reached skill level 10 in Throwing
  9709 | Orc:2    | Reached skill level 10 in Armour
  9709 | Orc:2    | Reached skill level 10 in Shields
  9709 | Orc:2    | Reached skill level 10 in Unarmed Combat
  9709 | Orc:2    | Reached skill level 10 in Evocations
  9824 | Swamp:1  | Entered Level 1 of the Swamp
  9873 | Swamp:1  | Identified the +5 rapier of Qetil {holy, Will++ Str-3
                  | Int+3}
  9939 | Swamp:1  | Reached XP level 15. HP: 115/115 MP: 17/30
  9987 | Swamp:2  | Reached skill level 11 in Invocations
 10006 | Swamp:2  | Noticed a thorn hunter
 10020 | Swamp:2  | Noticed Donald
 10021 | Swamp:2  | Killed a thorn hunter
 10030 | Swamp:2  | Killed Donald
 10046 | Swamp:2  | Noticed a thorn hunter
 10055 | Swamp:2  | Killed a thorn hunter
 10274 | Swamp:4  | Entered Level 4 of the Swamp
 10274 | Swamp:4  | Noticed a thorn hunter
 10283 | Swamp:4  | Killed a thorn hunter
 10528 | Swamp:4  | Noticed a fenstrider witch
 10532 | Swamp:4  | Paralysed by a fenstrider witch for 5 turns
 10537 | Swamp:4  | Killed a fenstrider witch
 10638 | Swamp:4  | Noticed a thorn hunter
 10644 | Swamp:4  | Killed a thorn hunter
 10645 | Swamp:4  | Reached XP level 16. HP: 90/124 MP: 24/32
 10656 | Swamp:4  | Reached skill level 12 in Invocations
 10671 | Swamp:4  | Got a decaying rune of Zot
 10844 | Swamp:1  | Noticed Frances
 10856 | Swamp:1  | Killed Frances
 10894 | Snake:1  | Entered Level 1 of the Snake Pit
 11139 | Snake:4  | Entered Level 4 of the Snake Pit
 11465 | Snake:4  | Noticed a nagaraja
 11474 | Snake:4  | Killed a nagaraja
 11504 | Snake:4  | Noticed a nagaraja
 11509 | Snake:4  | Killed a nagaraja
 11510 | Snake:4  | Reached XP level 17. HP: 112/133 MP: 23/33
 11747 | Snake:4  | Noticed Roxanne
 11754 | Snake:4  | Reached skill level 10 in Conjurations
 11754 | Snake:4  | Reached skill level 10 in Hexes
 11754 | Snake:4  | Reached skill level 10 in Necromancy
 11754 | Snake:4  | Reached skill level 10 in Translocations
 11754 | Snake:4  | Reached skill level 10 in Transmutations
 11754 | Snake:4  | Reached skill level 10 in Fire Magic
 11754 | Snake:4  | Reached skill level 10 in Ice Magic
 11754 | Snake:4  | Reached skill level 10 in Air Magic
 11754 | Snake:4  | Reached skill level 10 in Earth Magic
 11754 | Snake:4  | Reached skill level 10 in Poison Magic
 11765 | Snake:4  | Killed Roxanne
 11782 | Snake:4  | Learned a level 6 spell: Statue Form
 11864 | Snake:4  | Reached skill level 13 in Invocations
 11969 | Snake:4  | Got a serpentine rune of Zot
 12237 | Slime:1  | Entered Level 1 of the Pits of Slime
 12307 | Slime:2  | Noticed an acid blob
 12324 | Slime:2  | Killed an acid blob
 12368 | Slime:4  | Paralysed by a great orb of eyes for 2 turns
 12390 | Slime:5  | Entered Level 5 of the Pits of Slime
 12395 | Slime:5  | Noticed an acid blob
 12398 | Slime:5  | Noticed an acid blob
 12398 | Slime:5  | Noticed an acid blob
 12400 | Slime:5  | Killed an acid blob
 12401 | Slime:5  | Killed an acid blob
 12402 | Slime:5  | Reached XP level 18. HP: 140/141 MP: 31/35
 12405 | Slime:5  | Noticed the Royal Jelly
 12405 | Slime:5  | Paralysed by a floating eye for 3 turns
 12527 | Slime:5  | Killed the Royal Jelly
 12531 | Slime:5  | Paralysed by a great orb of eyes for 4 turns
 12602 | Slime:5  | Paralysed by a great orb of eyes for 4 turns
 12885 | Slime:5  | Got the Directory of Scorching Pestilence
 12897 | Slime:5  | Identified the +12 war axe "Koip" {freeze, rElec Will+
                  | Int+4}
 12910 | Slime:5  | Found the +3 pair of seven-league boots {Rampage+∞}
 12917 | Slime:5  | Identified the +2 plate armour of Neaduosu {Drain rElec
                  | rPois rC- Regen+}
 12928 | Slime:5  | Got a slimy rune of Zot
 12929 | Slime:5  | Identified the +7 falchion "Goni" {freeze, Dex+3}
 12947 | Slime:5  | Identified the +1 flail "Arbiter" {venom, Contam Will+
                  | Int+4}
 12999 | Slime:5  | Identified the +8 broad axe of Fragile Peace {elec, *Rage
                  | Str+9}
 13290 | Vaults:1 | Entered Level 1 of the Vaults
 13449 | Vaults:1 | Reached skill level 14 in Invocations
 13697 | Vaults:1 | Identified the +1 buckler "Noreock" {rN+ MP+9 Str+3}
 13972 | Vaults:1 | Found a huge runed gate.
 13972 | Vaults:1 | Found a huge runed gate.
 13972 | Vaults:1 | Found a huge runed gate.
 13972 | Vaults:1 | Found a huge runed gate.
 13973 | Vaults:1 | Found a huge runed gate.
 13974 | Vaults:1 | Found a huge runed gate.
 13975 | Vaults:1 | Found a huge runed gate.
 13976 | Vaults:1 | Found a huge runed gate.
 13976 | Vaults:1 | Found a huge runed gate.
 13976 | Vaults:1 | Found a huge runed gate.
 13980 | Vaults:1 | Found a huge runed gate.
 13980 | Vaults:1 | Found a huge runed gate.
 13980 | Vaults:1 | Found a huge runed gate.
 13980 | Vaults:1 | Found a huge runed gate.
 13980 | Vaults:1 | Found a huge runed gate.
 13980 | Vaults:1 | Found a huge runed gate.
 13980 | Vaults:1 | Found a huge runed gate.
 13981 | Vaults:1 | Found a huge runed gate.
 14008 | Vaults:1 | Noticed christhawk's ghost (adept MiHu)
 14009 | Vaults:1 | Noticed christhawk's ghost (adept MiHu)
 14009 | Vaults:1 | Noticed Nornya's ghost (veteran MfSu)
 14009 | Vaults:1 | Noticed howech's ghost (veteran MiGl)
 14009 | Vaults:1 | Noticed rgbqcd's ghost (veteran MiBe)
 14009 | Vaults:1 | Noticed Wueresid's ghost (adept DEHW)
 14010 | Vaults:1 | Noticed Switch's ghost (veteran DDFi)
 14011 | Vaults:1 | Noticed Kare Xaoge's ghost (adept DgTm)
 14018 | Vaults:1 | Noticed a quicksilver dragon
 14032 | Vaults:1 | Reached XP level 19. HP: 100/149 MP: 27/37
 14228 | Vaults:1 | Killed Wueresid's ghost
 14275 | Vaults:1 | Killed Kare Xaoge's ghost
 14330 | Vaults:2 | Learned a level 5 spell: Irradiate
 14338 | Vaults:2 | Learned a level 7 spell: Haunt
 14411 | Vaults:2 | Found a gateway to a bazaar.
 14426 | Bazaar   | Entered a bazaar
 14426 | Bazaar   | Found Xeofeot's Weapon Shoppe.
 14426 | Bazaar   | Found Amujuafy's Book Shoppe.
 14427 | Bazaar   | Found Zigu's Magic Scroll Emporium.
 14427 | Bazaar   | Found Vierick's Magic Scroll Emporium.
 14439 | Bazaar   | Bought 3 scrolls of amnesia for 84 gold pieces
 14443 | Bazaar   | Bought a scroll of amnesia for 64 gold pieces
 14443 | Bazaar   | Bought a scroll of vulnerability for 64 gold pieces
 14443 | Bazaar   | Bought a scroll of magic mapping for 120 gold pieces
 14443 | Bazaar   | Bought a scroll of magic mapping for 120 gold pieces
 14443 | Bazaar   | Bought a scroll of teleportation for 48 gold pieces
 14450 | Bazaar   | Bought Great Wizards, Vol. II for 456 gold pieces
 14450 | Bazaar   | Bought a book of Lightning for 432 gold pieces
 14458 | Bazaar   | Learned a level 5 spell: Borgnjor's Vile Clutch
 14607 | Vaults:2 | Noticed Xtahua
 14613 | Vaults:2 | Killed Xtahua
 15159 | Vaults:3 | Noticed Bai Suzhen
 15173 | Vaults:3 | Killed Bai Suzhen
 15245 | Vaults:3 | Noticed Frederick
 15257 | Vaults:3 | Killed Frederick
 15258 | Vaults:3 | Reached skill level 15 in Invocations
 15496 | Vaults:3 | Found a staircase to the Crypt.
 15548 | Vaults:3 | Reached XP level 20. HP: 158/158 MP: 24/38
 15821 | Vaults:4 | Reached skill level 15 in Spellcasting
 16220 | Vaults:4 | Found a transporter.
 16256 | Vaults:4 | Noticed Aizul
 16270 | Vaults:4 | Killed Aizul
 16276 | Vaults:4 | Found a transporter.
 16315 | Vaults:4 | Paralysed by a sphinx for 2 turns
 16322 | Vaults:4 | Reached skill level 15 in Dodging
 16353 | Vaults:4 | Reached skill level 15 in Stealth
 16405 | Vaults:4 | Identified the +2 pair of gloves of Nedwot {rPois rCorr}
 16522 | Abyss:2  | Cast into level 2 of the Abyss (a wizard)
 16599 | Abyss:3  | Noticed a dread lich
 16778 | Abyss:3  | Paralysed by accursed screaming for 1 turns
 16784 | Abyss:3  | Paralysed by accursed screaming for 1 turns
 16814 | Abyss:3  | Gained mutation: You have a pair of small antennae on your
                  | head. [a cacodemon]
 16818 | Abyss:3  | Reached XP level 21. HP: 166/166 MP: 8/40
 16819 | Abyss:3  | Gained mutation: You sometimes lose your temper in combat.
                  | [a cacodemon]
 16823 | Abyss:3  | Gained mutation: Armour fits poorly on your strangely
                  | shaped body. [a cacodemon]
 16839 | Abyss:3  | Paralysed by accursed screaming for 1 turns
 16845 | Abyss:3  | Got an abyssal rune of Zot
 16871 | Abyss:3  | Lost mutation: You sometimes lose your temper in combat.
                  | [potion of mutation]
 16871 | Abyss:3  | Lost mutation: Armour fits poorly on your strangely shaped
                  | body. [potion of mutation]
 16871 | Abyss:3  | Lost mutation: You have a pair of small antennae on your
                  | head. [potion of mutation]
 16871 | Abyss:3  | Gained mutation: You are clumsy. (Dex -2) [potion of
                  | mutation]
 16871 | Abyss:3  | Gained mutation: Your spells are a little easier to cast,
                  | but a little less powerful. [potion of mutation]
 16871 | Abyss:3  | Gained mutation: Your flesh is cold resistant. (rC+)
                  | [potion of mutation]
 16872 | Abyss:3  | Lost mutation: You are clumsy. (Dex -2) [potion of
                  | mutation]
 16872 | Abyss:3  | Lost mutation: Your flesh is cold resistant. (rC+) [potion
                  | of mutation]
 16872 | Abyss:3  | Gained mutation: Your body sometimes deteriorates upon
                  | taking damage. [potion of mutation]
 16872 | Abyss:3  | Gained mutation: You have a pair of small horns on your
                  | head. [potion of mutation]
 16872 | Abyss:3  | Gained mutation: You have an increased reservoir of magic.
                  | (+10% MP) [potion of mutation]
 16873 | Abyss:3  | Lost mutation: You have an increased reservoir of magic.
                  | (+10% MP) [potion of mutation]
 16873 | Abyss:3  | Lost mutation: Your spells are a little easier to cast, but
                  | a little less powerful. [potion of mutation]
 16873 | Abyss:3  | Lost mutation: You have a pair of small horns on your head.
                  | [potion of mutation]
 16873 | Abyss:3  | Gained mutation: You passively map a small area around you.
                  | [potion of mutation]
 16874 | Abyss:3  | Lost mutation: Your body sometimes deteriorates upon taking
                  | damage. [potion of mutation]
 16874 | Abyss:3  | Lost mutation: You passively map a small area around you.
                  | [potion of mutation]
 16874 | Abyss:3  | Gained mutation: You are somewhat resistant to further
                  | mutation. [potion of mutation]
 16874 | Abyss:3  | Gained mutation: You possess an exceptional clarity of
                  | mind. [potion of mutation]
 16876 | Vaults:4 | Escaped the Abyss
 16892 | Vaults:4 | Learned a level 8 spell: Infestation
 17215 | Crypt:1  | Entered Level 1 of the Crypt
 17370 | Crypt:2  | Reached skill level 16 in Invocations
 17979 | Crypt:3  | Entered Level 3 of the Crypt
 17993 | Crypt:3  | Reached skill level 15 in Fighting
 17993 | Crypt:3  | Reached skill level 15 in Short Blades
 17993 | Crypt:3  | Reached skill level 15 in Long Blades
 17993 | Crypt:3  | Reached skill level 15 in Axes
 17993 | Crypt:3  | Reached skill level 15 in Maces & Flails
 17993 | Crypt:3  | Reached skill level 15 in Polearms
 17993 | Crypt:3  | Reached skill level 15 in Staves
 17993 | Crypt:3  | Reached skill level 15 in Ranged Weapons
 17993 | Crypt:3  | Reached skill level 15 in Throwing
 17993 | Crypt:3  | Reached skill level 15 in Armour
 17993 | Crypt:3  | Reached skill level 15 in Shields
 17993 | Crypt:3  | Reached skill level 15 in Unarmed Combat
 17993 | Crypt:3  | Reached skill level 15 in Evocations
 18087 | Crypt:3  | Noticed a bone dragon
 18099 | Crypt:3  | Killed a bone dragon
 18122 | Crypt:3  | Got the Secrets of Twisted Toxicity
 18211 | Crypt:3  | Found a staircase to the Tomb.
 18968 | Crypt:3  | Identified the +0 cloak of Ramiyh Pess {+Inv Will++ Int-4}
 18982 | Crypt:3  | Got the Tome of Perfectionism
 18995 | Crypt:3  | Learned a level 8 spell: Necromutation
 19231 | Tomb:1   | Entered Level 1 of the Tomb of the Ancients
 19325 | Tomb:1   | Reached XP level 22. HP: 99/171 MP: 13/42
 19349 | Tomb:1   | Noticed a royal mummy
 19355 | Tomb:1   | Killed a royal mummy
 19472 | Tomb:1   | Noticed a royal mummy
 19486 | Tomb:1   | Killed a royal mummy
 20134 | Vaults:5 | Entered Level 5 of the Vaults
 20176 | Vaults:5 | Noticed a golden dragon
 20178 | Vaults:5 | Killed a golden dragon
 20184 | Vaults:5 | Reached skill level 17 in Invocations
 20203 | Vaults:4 | Reached skill level 15 in Summonings
 20284 | Vaults:4 | You fall into a shaft and drop 1 floor!
 20377 | Vaults:5 | Noticed an ancient lich
 20469 | Vaults:5 | Acquired the +1 tower shield of Vefes {+Inv rElec Str+4
                  | Int+2}
 20486 | Vaults:5 | Identified the +0 chain mail "Ratzib" {Str+3}
 20507 | Vaults:5 | Noticed a dread lich
 20514 | Vaults:5 | Killed a dread lich
 20546 | Vaults:5 | Identified the +0 pair of boots "Enoom" {rElec rC+ Int+3}
 20645 | Vaults:5 | Identified the +2 robe of the Stonemason {Dex+3 SInv}
 20645 | Vaults:5 | Identified the amulet of Sutickil {Spirit rC+}
 20689 | Vaults:5 | Identified the +3 glaive of Uncertain Death {vorpal, Will-
                  | Dex+5}
 20701 | Vaults:5 | Reached XP level 23. HP: 183/183 MP: 41/43
 20734 | Vaults:5 | Killed an ancient lich
 20738 | Vaults:5 | Got a silver rune of Zot
 20810 | Vaults:5 | Learned a level 1 spell: Apportation
 21267 | Tomb:2   | Noticed a royal mummy
 21305 | Tomb:3   | Entered Level 3 of the Tomb of the Ancients
 21381 | Tomb:3   | Noticed a royal mummy
 21382 | Tomb:3   | Noticed a royal mummy
 21383 | Tomb:3   | Noticed a royal mummy
 21387 | Tomb:3   | Noticed a royal mummy
 21389 | Tomb:3   | Noticed a royal mummy
 21391 | Tomb:3   | Noticed a royal mummy
 21399 | Tomb:3   | HP: 11/271 [death scarab (8)]
 21399 | Tomb:3   | Slain by a royal mummy

Illustrated notes

Levels and vault maps discovered:
D:1:      dpeg_arrival_short_road, layout_loops_ring,
          shapermc_ecumenical_altar_starsandcircs,
          chequers_serial_rivers_micro_a
D:2:      layout_loops_ring, uniq_crazy_yiuf_cottage, uniq_sigmund, uniq_terence
D:3:      layout_basic, minmay_shallow_snake_nest, uniq_ijyb, uniq_grinder
D:4:      layout_loops_ring, elyvilon_altar_5,
          nicolae_wu_jian_immortal_techniques
D:5:      layout_rooms, mainiacjoe_overflow_six_doors_small,
          minmay_temple_entry_ruins, hangedman_abyss_or_decor_passed,
          uniq_prince_ribbit1, uniq_menkaure
D:6:      layout_rooms, serial_glass, glass_columns_a, glass_columns_c,
          glass_columns_a, glass_columns_a, glass_columns_a, glass_columns_b,
          glass_columns_a, glass_columns_b, glass_columns_c, glass_columns_a,
          glass_columns_b, glass_columns_b, glass_columns_a, glass_columns_c
D:7:      layout_layer_cave, abandoned_shop
D:8:      layout_basic, chequers_serial_rivers_micro_a, grunt_ministairs_15,
          uniq_psyche
D:9:      layout_irregular_city, overflow_temple_1_default, serial_shops,
          nicolae_shop_crystal, shop, shop_statue, nicolae_diamond_shop,
          shop_fountains, uniq_grum
D:10:     minmay_skewed_foursquare, layout_long_grid,
          mainiacjoe_overflow_small_starburst,
          beargit_hepliaklqana_dungeon_heroes, orc_0_dummy
D:11:     layout_grid_maze, serial_shops, nicolae_shop_waterfront
D:12:     layout_long_grid, minmay_alternating_orb
D:13:     layout_stronghold, kb_rosetta, uniq_lodul
D:14:     minmay_box_of_curves, layout_layer_cave, minmay_misc_feat_columns
D:15:     gammafunk_enter_depths_forms, layout_rooms, uniq_nessos
Temple:   nicolae_temple_elliptical
Lair:1:   layout_regular_city, uniq_fannar
Lair:2:   layout_roguey, guppyfry_snake_entry_garden, beast_lair_carwin_8,
          grunt_megastairs_2, infiniplex_staircase_pool_2
Lair:3:   layout_regular_city, swamp_mist_pool, grunt_megastairs_1
Lair:4:   layout_regular_city, portal_ice_cave_rime, uniq_sonja
Lair:5:   wormcave, layout_gridlike, nicolae_slime_entry_slimehenge,
          nicolae_lair_lindhole, infiniplex_staircase_pool, uniq_kirke
Swamp:1:  layout_basic_swamp, hangedman_swamp_ruin_hall,
          nicolae_swamp_little_swirl, uniq_frances
Swamp:2:  layout_basic_swamp, evilmike_swamp_ruin_house_4, uniq_donald
Swamp:3:  layout_basic_swamp, evilmike_swamp_ruin_house_3
Swamp:4:  swamp_basic_johnstein, layout_basic_swamp, swamp_pool2
Snake:1:  layout_chambers, hangedman_snake_corridor_cut
Snake:2:  layout_rooms, nicolae_stop_n_shop_1, nicolae_snake_gridmaze_squiggle
Snake:3:  layout_cave_town
Snake:4:  snake_pit_salamanders_mu, layout_chambers, nicolae_snake_boneroom,
          uniq_roxanne
Slime:1:  layout_caves
Slime:2:  layout_caves
Slime:3:  nicolae_slime_jelly_donut, layout_caves
Slime:4:  layout_caves
Slime:5
Orc:1:    layout_diamond_mine, nicolae_orc_flooded_monolith, uniq_jorgrun
Orc:2:    grunt_orc_cross, layout_diamond_mine, basic_altar,
          gammafunk_ghost_grave, nooodl_orcs_dogs
Vaults:1: gammafunk_ghost_door_vault, nicolae_vaults_theta,
          nicolae_vaults_little_squares_5, ontoclasm_vaults_chip,
          grunt_vaults_funnel, v_pattern_3,
          minmay_guarded_unrand_secular_launcher, vaults_room_semicircle,
          nicolae_vaults_mini_display_case, layout_vaults_chaotic_city
Vaults:2: st_lines, v_misc_31, grunt_vaults_hallway_short, vaults_room_fours,
          v_misc_5, hangedman_vaults_stitches, hangedman_vaults_maws, v_misc_11,
          v_misc_23, vaults_room_pool, ontoclasm_vaults_gateway,
          vaults_room_grid, layout_vaults_ring, serial_shops,
          bzr_entry_lakeside, uniq_xtahua
Vaults:3: minmay_crypt_entry_vampire_xt, ontoclasm_vaults_twist,
          vaults_room_door_ring, ontoclasm_vaults_chip, vaults_dpeg_cross,
          nicolae_vaults_sealed_display, ontoclasm_vaults_decontamination,
          nicolae_vaults_specimen_jars, grunt_vaults_twisty,
          grunt_vaults_hallway_long, layout_vaults_omnigrid, uniq_frederick,
          uniq_bai_suzhen
Vaults:4: vaults_mumra_minichess, nicolae_vaults_rhombus_7, v_alt_pattern_1,
          vaults_room_large_hall, ontoclasm_vaults_ring_small,
          hangedman_vaults_slither, v_misc_18, vaults_room_door_ring,
          gammafunk_the_bubble [the_bubble_gammafunk_plus_minus],
          v_alt_pattern_2, vaults_room_stairs_pillars,
          nicolae_vaults_diagonal_hallway_6, v_pattern_2,
          ontoclasm_vaults_loading_screen, layout_vaults_omnibox, uniq_aizul
Vaults:5: serial_shops
Crypt:1:  layout_catacombs
Crypt:2:  layout_chaotic_city, grunt_ministairs_8, grunt_megastairs_4
Crypt:3:  quadcrypt_mu
Tomb:1:   uniq_boris
Tomb:2
Tomb:3

Skill      XL: |  1  2  3  4  5  6  7  8  9 10 11 12 13 14 15 16 17 18 19 20 21 22 23 |
---------------+----------------------------------------------------------------------+-----
Spellcasting   | 5 6 7 8 9 10 11 12 13 14 15 16 | 16.7
Invocations    | 1 2 3 4 5 6 7 8 10 11 12 13 14 15 16 17 | 17.4
Fighting       | 1 2 3 5 6 7 8 9 10 11 12 13 14 15 16 | 16.0
Short Blades   | 1 2 3 5 6 7 8 9 10 11 12 13 14 15 16 | 16.0
Long Blades    | 1 2 3 5 6 7 8 9 10 11 12 13 14 15 16 | 16.6
Axes           | 1 2 3 5 6 7 8 9 10 11 12 13 14 15 16 | 16.0
Maces & Flails | 1 2 3 5 6 7 8 9 10 11 12 13 14 15 16 | 16.0
Polearms       | 1 2 3 5 6 7 8 9 10 11 12 13 14 15 16 | 16.0
Staves         | 1 2 3 5 6 7 8 9 10 11 12 13 14 15 16 | 16.0
Ranged Weapons | 1 2 3 5 6 7 8 9 10 11 12 13 14 15 16 | 16.0
Throwing       | 1 2 3 5 6 7 8 9 10 11 12 13 14 15 16 | 16.0
Armour         | 1 2 3 5 6 7 8 9 10 11 12 13 14 15 16 | 16.0
Shields        | 1 2 3 5 6 7 8 9 10 11 12 13 14 15 16 | 16.0
Unarmed Combat | 1 2 3 5 6 7 8 9 10 11 12 13 14 15 16 | 16.0
Evocations     | 1 2 3 5 6 7 8 9 10 11 12 13 14 15 16 | 16.0
Conjurations   | 1 2 3 4 5 6 7 8 9 10 11 12 13 | 13.6
Hexes          | 1 2 3 4 5 6 7 8 9 10 11 12 13 | 13.6
Necromancy     | 1 2 3 4 5 6 7 8 9 10 11 12 13 | 13.6
Translocations | 1 2 3 4 5 6 7 8 9 10 11 12 13 | 13.6
Transmutations | 1 2 3 4 5 6 7 8 9 10 11 12 13 | 13.6
Fire Magic     | 1 2 3 4 5 6 7 8 9 10 11 12 13 | 13.6
Ice Magic      | 1 2 3 4 5 6 7 8 9 10 11 12 13 | 13.6
Air Magic      | 1 2 3 4 5 6 7 8 9 10 11 12 13 | 13.6
Earth Magic    | 1 2 3 4 5 6 7 8 9 10 11 12 13 | 13.6
Poison Magic   | 1 2 3 4 5 6 7 8 9 10 11 12 13 | 13.6
Dodging        | 5 6 7 8 9 10 11 12 13 14 15 16 | 16.6
Stealth        | 5 6 7 8 9 10 11 12 13 14 15 16 | 16.5
Summonings     | 8 9 10 11 12 13 14 15 | 15.2

Action                   |  1- 3 |  4- 6 |  7- 9 | 10-12 | 13-15 | 16-18 | 19-21 | 22-24 || total
-------------------------+-------+-------+-------+-------+-------+-------+-------+-------++-------
Melee: Unarmed           |    16 |    23 |     5 |       |   123 |   408 |       |       ||   575
       Bite              |       |     3 |     5 |    34 |    43 |    51 |   123 |    63 ||   322
       Flail             |       |       |     7 |       |       |       |       |       ||     7
       Short sword       |       |       |    76 |   154 |       |       |       |       ||   230
       Demon whip        |       |       |       |   106 |   263 |   114 |    18 |       ||   501
       Rapier            |       |       |       |       |    11 |    22 |       |       ||    33
       Punch             |       |       |       |       |     5 |    34 |       |       ||    39
       War axe           |       |       |       |       |       |    80 |   758 |   319 ||  1157
 Cast: Summon Small Mamm |    20 |       |       |       |       |       |       |       ||    20
       Call Imp          |     5 |    11 |    18 |    11 |       |       |       |       ||    45
       Call Canine Famil |     3 |    14 |    30 |    33 |    28 |       |       |       ||   108
       Summon Lightning  |       |     3 |     7 |     9 |       |       |       |       ||    19
       Passage of Golubr |       |       |     3 |    31 |    26 |     4 |    12 |     3 ||    79
       Summon Cactus Gia |       |       |       |     6 |    33 |     4 |     2 |       ||    45
       Summon Forest     |       |       |       |     6 |    19 |     3 |     3 |       ||    31
       Summon Mana Viper |       |       |       |       |    49 |     6 |     4 |       ||    59
       Silence           |       |       |       |       |     5 |     3 |    13 |    12 ||    33
       Storm Form        |       |       |       |       |    13 |    29 |       |       ||    42
       Statue Form       |       |       |       |       |       |    18 |    70 |    19 ||   107
       Irradiate         |       |       |       |       |       |       |    14 |     2 ||    16
       Haunt             |       |       |       |       |       |       |    43 |    21 ||    64
       Borgnjor's Vile C |       |       |       |       |       |       |    15 |     3 ||    18
       Necromutation     |       |       |       |       |       |       |     4 |     6 ||    10
       Infestation       |       |       |       |       |       |       |     2 |     3 ||     5
       Apportation       |       |       |       |       |       |       |       |     1 ||     1
Invok: Slouch            |       |       |       |       |       |     3 |     6 |       ||     9
       Step From Time    |       |       |       |       |       |     3 |     1 |     2 ||     6
 Abil: Evoke Blink       |       |       |       |     1 |       |       |       |       ||     1
       Blinkbolt         |       |       |       |       |     6 |    22 |       |       ||    28
       End Transformatio |       |       |       |       |     2 |     2 |       |     3 ||     7
       Evoke Invisibilit |       |       |       |       |       |       |       |     1 ||     1
Evoke: Wand              |       |       |       |     2 |     2 |     2 |     1 |       ||     7
       Condenser vane    |       |       |       |       |     1 |     1 |     1 |       ||     3
       Tin of tremorston |       |       |       |       |     1 |       |     2 |       ||     3
       Box of beasts     |       |       |       |       |       |       |     2 |       ||     2
       Phantom mirror    |       |       |       |       |       |       |     1 |       ||     1
  Use: Potion            |     2 |     4 |       |     1 |     2 |     6 |    12 |    11 ||    38
       Scroll            |     2 |       |     7 |    17 |    10 |    12 |     8 |    12 ||    68
 Stab: Sleeping          |     1 |     1 |     3 |     5 |     6 |     4 |    18 |    12 ||    50
       Distracted        |       |     1 |     5 |    11 |    10 |     5 |     8 |     4 ||    44
       Invisible         |       |       |       |       |       |       |       |     1 ||     1
Armor: Robe              |     7 |     5 |    17 |     5 |       |       |       |       ||    34
       Skin              |       |     9 |       |       |    39 |   186 |   363 |   120 ||   717
       Steam dragon scal |       |       |       |    60 |    58 |       |       |       ||   118
       Swamp dragon scal |       |       |       |       |     8 |     5 |     5 |       ||    18
       Troll leather arm |       |       |       |       |       |       |    19 |    16 ||    35
Dodge: Dodged            |    22 |    13 |    80 |   205 |   453 |   807 |   890 |   255 ||  2725
Block: Other             |       |     1 |     2 |       |    32 |    99 |       |       ||   134
       Buckler           |       |       |    55 |   211 |   242 |    44 |       |       ||   552
       Reflection        |       |       |     7 |    14 |    12 |    33 |    92 |    22 ||   180
       Tower shield      |       |       |       |       |       |   303 |  1612 |   532 ||  2447
       Kite shield       |       |       |       |       |       |    73 |       |       ||    73
